 Dungeon Crawl Stone Soup version 0.19.0-2-gae57169 (webtiles) character file.

82 Andry07 the Skirmisher (level 4, -6/38 HPs)
             Began as a Merfolk Skald on Nov 7, 2016.
             Was an Initiate of Ashenzari.
             Mangled by Natasha (7 damage)
             ... on level 2 of the Dungeon.
             The game lasted 00:03:41 (2281 turns).

Andry07 the Skirmisher (Merfolk Skald)              Turns: 2281, Time: 00:03:41

Health: -6/38      AC:  4    Str: 13    XL:     4   Next: 43%
Magic:  7/7        EV: 11    Int: 11    God:    Ashenzari [......]
Gold:   74         SH:  0    Dex: 13    Spells: 1 memorised, 6 levels left

rFire  . . .     SeeInvis .     a - +0 short sword
rCold  . . .     Gourm    .     h - +0 leather armour (curse)
rNeg   . . .     Faith    .     (no shield)
rPois  .         Spirit   .     (no helmet)
rElec  .         Reflect  .     (no cloak)
rCorr  +         Harm     .     o - +0 pair of gloves
MR     .....                    (no boots)
Stlth  ++........               (no amulet)
                                (no ring)
                                p - ring of resist corrosion

@: slowed, very slow
A: change form in water, swift swim, stealthy swim
a: Curse Item, Renounce Religion


You were on level 2 of the Dungeon.
You worshipped Ashenzari.
Ashenzari was noncommittal.
You were not hungry.

You visited 1 branch of the dungeon, and saw 3 of its levels.

You collected 74 gold pieces.

Inventory:

Hand Weapons
 a - a +0 short sword (weapon)
Armour
 g - a +0 shield
 h - a cursed +0 leather armour (worn)
 o - a +0 pair of gloves (worn)
Jewellery
 p - a ring of resist corrosion (left hand)
Scrolls
 b - 2 scrolls of identify {unknown}
 e - 5 scrolls of remove curse
 f - a scroll of immolation {unknown}
 j - a scroll of blinking {unknown}
 l - a scroll of teleportation {unknown}
Potions
 i - a potion of flight {unknown}
 k - a potion of ambrosia {unknown}
 n - a potion of magic {unknown}
Books
 c - a book of Battle

   Spells                             Type                      Level
   a - Infusion                       Charms                       1
   b - Shroud of Golubria             Charms/Translocation         2
   c - Song of Slaying                Charms                       2
   d - Spectral Weapon                Hexes/Charms                 3
   e - Regeneration                   Charms/Necromancy            3
Comestibles
 d - 4 bread rations


   Skills:
 * Level 4.6 Fighting
 - Level 2.4 Short Blades
 - Level 0.6 Armour
 - Level 1.3 Dodging
 + Level 1.6 Stealth
 - Level 2.0 Spellcasting
 - Level 3.2 Charms


You had 6 spell levels left.
You knew the following spells:

 Your Spells              Type           Power        Failure   Level  Hunger
a - Infusion              Chrm           #...         12%         1    ##.....


Dungeon Overview and Level Annotations

Branches:
Dungeon (3/15)

Altars:
Ashenzari
Cheibriados
Makhleb
Okawaru
Trog
Xom

Annotations:
D:2 1 runed door, Natasha


Message History

You barely miss Natasha.
Natasha is moderately wounded.
Natasha claws you. Natasha casts a spell at you. You resist with some effort.
Natasha extends her claws.
Natasha claws you.
* * * LOW HITPOINT WARNING * * *
Natasha casts a spell at you. The magic dart hits you!
* * * LOW HITPOINT WARNING * * *
Natasha stares at you and mumbles some strange words.
You feel yourself slow down.
Natasha mumbles some strange words.
Natasha howls an incantation.
Natasha's front paws start to glow.
Natasha claws you.
* * * LOW HITPOINT WARNING * * *
Natasha claws you!
You die...

#.# #.# #.# ###.### ######
##.######.....# #.....
#.........###.######## #.####
#..#####..# #........# #.# #
#..# ##.###.#..#.#.######.# #
#..# #.<...#..#.>....#...# #
#..# ###.###...........#.# #..#
#.# #@##.###..###.#
#..########รท# #h##.#
#..###.#### #...........#
#.##.###..........
#.#########.###.##.....#########
#.##.)).....##.#...#.###
#.##.##########.##.#.#
#................)...###########
###..#####.........#............
#..# #..........#.###########


You could see Natasha.

Vanquished Creatures
  3 gnolls (D:2)
  2 adders (D:2)
  3 leopard geckos
  2 ball pythons
  2 giant cockroaches
  2 goblins
  6 hobgoblins
  5 bats
  3 frilled lizards (D:1)
  2 kobolds
  4 rats (D:2)
34 creatures vanquished.

Notes
Turn   | Place    | Note
-------+----------+-------------------------------------------
     0 | D:1      | Andry07 the Merfolk Skald began the quest for the Orb.
     0 | D:1      | Reached XP level 1. HP: 16/16 MP: 3/3
   238 | D:1      | Reached XP level 2. HP: 11/23 MP: 5/5
   688 | D:1      | Reached skill level 3 in Fighting
   741 | D:1      | HP: 1/24 [leopard gecko (2)]
  1255 | D:2      | Found a bloodstained altar of Trog.
  1255 | D:2      | Found a snail-covered altar of Cheibriados.
  1255 | D:2      | Found an iron altar of Okawaru.
  1255 | D:2      | Found a shattered altar of Ashenzari.
  1269 | D:2      | Found a shimmering altar of Xom.
  1274 | D:2      | Became a worshipper of Ashenzari the Shackled
  1277 | D:2      | Found a burning altar of Makhleb.
  1388 | D:2      | Reached skill level 1 in Stealth
  1388 | D:2      | Reached XP level 3. HP: 25/30 MP: 6/6
  1476 | D:2      | Reached skill level 4 in Fighting
  1520 | D:2      | Found a runed door.
  1585 | D:2      | Noticed Natasha
  1599 | D:2      | Reached XP level 4. HP: 21/37 MP: 7/7
  2279 | D:2      | HP: 1/38 [Natasha (3)]
  2281 | D:2      | Mangled by Natasha

Skill      XL: |  1  2  3 |
---------------+----------+-----
Fighting       | 3 4 |  4.6
Stealth        | 1 |  1.6
Short Blades   | |  2.4
Armour         | |  0.6
Dodging        | |  1.3
Spellcasting   | |  2.0
Charms         | |  3.2

Action                   |  1- 3 |  4- 6 || total
-------------------------+-------+-------++-------
Melee: Short sword       |   118 |    38 ||   156
 Stab: Sleeping          |     3 |       ||     3
  Eat: Chunk             |     2 |     2 ||     4
Armor: Leather armour    |    42 |     7 ||    49
Dodge: Dodged            |    71 |    14 ||    85
